AoeStats
← lokigr13

Arena

509472859Analyzed
4v4 RM · 6d ago on Sep 26, 2026· 37m 49s· 8 players
Game mode
Random Map
Map size
Large (8 player)
Population
200
Speed
Normal
Resources
Standard
Victory
Conquest
Starting age
Dark Age
Ending age
Imperial Age
RankedLock teamsTeams togetherTeam positionsShared explorationLock speedFull tech treeHidden civsTurbo modeCheats
Victory
Defeat
🇸🇪 Chinese · Sweden
836
+14
🇪🇸 Mongols · Spain
802
+15
🇲🇽 Britons · Mexico
743
+18
🇺🇸 Franks · United States
681
+20
🇬🇷 Armenians · Greece
798
-17
🇬🇷 Spanish · Greece
792
-17
777
-17
🇺🇾 Varangians · Uruguay
770
-37
Deivii
11:30 Feudal Age
13:28 Wheelbarrow
12:42 Double-Bit Axe
14:57 Gold Mining
16:25 Horse Collar
18:52 Town Watch
19:38 Stone Mining
24:20 Castle Age
22:26 Arson
24:53 Forging
24:50 Scale Barding Armor
25:53 Fletching
26:27 Bow Saw
26:20 Heavy Plow
26:58 Stone Shaft Mining
27:17 Gambesons
28:24 Squires
30:41 Iron Casting
32:38 Murder Holes
32:54 Masonry
34:52 Scale Mail Armor
Ramses der Barmherzige 222
0:52 Loom
11:09 Feudal Age
14:40 Horse Collar
19:00 Castle Age
17:50 Double-Bit Axe
18:00 Gold Mining
18:34 Stone Mining
21:17 Wheelbarrow
22:50 Fervor
24:38 Stone Shaft Mining
24:16 Bow Saw
24:11 Heavy Plow
25:29 Hand Cart
26:15 Town Watch
31:50 Forging
34:09 Thumb Ring
37:03 Imperial Age
34:26 Fletching
34:37 Padded Archer Armor
34:38 Scale Mail Armor
35:16 Iron Casting
35:32 Bodkin Arrow
36:18 Ballistics
36:09 Masonry
vainamoinen_
12:16 Feudal Age
15:36 Double-Bit Axe
20:10 Castle Age
18:42 Gold Mining
20:26 Padded Archer Armor
20:20 Fletching
22:34 Gold Shaft Mining
22:10 Bow Saw
24:33 Crossbowman
26:50 Leather Archer Armor
26:31 Bodkin Arrow
34:50 Ballistics
38:55 Imperial Age
lokigr13
12:31 Feudal Age
14:27 Loom
17:58 Castle Age
17:16 Fletching
D3adFoxx
14:28 Feudal Age
19:04 Castle Age
23:40 Elite Skirmisher
35:09 Husbandry
36:25 Double-Bit Axe
La Morte Noire
11:05 Feudal Age
15:07 Castle Age
13:36 Double-Bit Axe
13:50 Horse Collar
15:54 Wheelbarrow
16:25 Bow Saw
16:41 Heavy Plow
20:57 Gold Mining
24:14 Gold Shaft Mining
23:36 Fletching
23:46 Padded Archer Armor
24:39 Bodkin Arrow
27:47 Leather Archer Armor
26:58 Crossbowman
27:55 Stone Mining
28:37 Hand Cart
28:07 Loom
35:36 Imperial Age
33:38 Ballistics
35:40 Yeomen
36:29 Arbalester
38:12 Chemistry
37:14 Bracer
ricksanchez
0:55 Loom
12:34 Feudal Age
14:05 Wheelbarrow
18:07 Castle Age
16:31 Stone Mining
16:53 Double-Bit Axe
18:02 Fletching
18:00 Horse Collar
18:16 Fletching
19:34 Hand Cart
20:16 Bow Saw
24:18 Heavy Plow
24:13 Gold Mining
29:32 Imperial Age
27:51 Stone Shaft Mining
27:54 Gold Shaft Mining
28:05 Great Wall
28:06 Bodkin Arrow
28:12 Padded Archer Armor
28:55 Stone Shaft Mining
29:46 Thumb Ring
30:01 Leather Archer Armor
30:34 Conscription
31:12 Ballistics
31:53 Chemistry
33:01 Two-Man Saw
33:01 Caravan
34:05 Bracer
34:36 Ring Archer Armor
37:06 Murder Holes
37:21 Fortified Wall
37:02 Town Watch
Mephisst0
4:14 Loom
9:46 Feudal Age
12:17 Double-Bit Axe
12:14 Horse Collar
17:11 Castle Age
15:51 Gold Mining
16:06 Fletching
18:04 Bow Saw
17:27 Light Cavalry
19:30 Wheelbarrow
19:16 Bloodlines
19:58 Husbandry
20:18 Town Watch
28:05 Hand Cart
28:21 Forging
31:15 Heavy Plow
31:48 Scale Barding Armor
31:39 Bodkin Arrow
35:50 Imperial Age
33:47 Fervor
34:57 Iron Casting
34:42 Chain Barding Armor
37:24 Conscription
37:40 Ballistics
38:21 Chemistry
38:04 Stone Mining
38:49 Gold Shaft Mining
Connection lost

Rejoining the realm…

Still unreachable

The connection could not be restored.

Session expired

The server has moved on; the page needs a fresh start.